 Dungeon Crawl Stone Soup version 0.23.1 (webtiles) character file.

Game seed: 1158342666577706258

125 Irenicus the Grave Robber (level 4, -7/36 HPs)
             Began as a Deep Dwarf Necromancer on Mar 18, 2019.
             Mangled by a gnoll
             ... wielding a +0 halberd
              (10 damage)
             ... on level 2 of the Dungeon.
             The game lasted 00:07:07 (1153 turns).

Irenicus the Grave Robber (Deep Dwarf Necromancer)  Turns: 1153, Time: 00:07:07

Health: -7/36      AC:  4    Str: 12    XL:     4   Next: 82%
Magic:  0/7        EV: 12    Int: 16    God:
Gold:   83         SH:  0    Dex: 13    Spells: 5/9 levels left

rFire    . . .     SeeInvis .   k - +1 dagger (speed)
rCold    . . .     Gourm    .   (no shield)
rNeg     . . .     Faith    .   a - +0 robe
rPois    .         Spirit   .   (no helmet)
rElec    .         Reflect  .   l - +1 cloak
rCorr    .         Harm     .   (no gloves)
MR       .....                  (no boots)
Stlth    ++........             (no amulet)
HPRegen  0.00/turn              (no ring)
MPRegen  0.10/turn              (no ring)

@: non-regenerating
A: damage resistance, heal wounds, sense surroundings 1, no regeneration
a: Heal Wounds


You were on level 2 of the Dungeon.
You were very hungry.

You visited 1 branch of the dungeon, and saw 2 of its levels.

You collected 83 gold pieces.

Inventory:

Hand Weapons
 e - a +0 dagger
   (You found it on level 1 of the Dungeon)
 k - a +1 dagger of speed (weapon)
   (You took it off a kobold on level 1 of the Dungeon)
 n - a +0 hand axe
   (You found it on level 2 of the Dungeon)
Armour
 a - a +0 robe (worn)
 l - a +1 cloak (worn)
   (You found it on level 2 of the Dungeon)
Jewellery
 d - an uncursed ring of ice {rC+, rF-}
   (You found it on level 1 of the Dungeon)
Scrolls
 g - a scroll of enchant weapon
 h - a scroll of remove curse {unknown}
 i - a scroll of fog {unknown}
 j - a scroll of teleportation
 o - a scroll of identify
 p - a scroll of amnesia {unknown}
Potions
 b - a potion of ambrosia
 f - a potion of agility {unknown}
 m - a potion of might {unknown}
Comestibles
 c - 2 rations


   Skills:
 - Level 2.1 Dodging
 - Level 2.4 Stealth
 - Level 3.1 Spellcasting
 + Level 5.9 Necromancy


You had 5 spell levels left.
You knew the following spells:

 Your Spells              Type           Power        Failure   Level  Hunger
a - Pain                  Necr           ###.         1%          1    None
x - Vampiric Draining     Necr           ###.......   4%          3    ###....

Your spell library contained the following spells:

 Spells                   Type           Power        Failure   Level  Hunger
 Animate Skeleton         Necr           N/A          1%          1    None
 Animate Dead             Necr           N/A          16%         4    ####...
 Regeneration             Chrm/Necr      Unusable     N/A         3    N/A

Dungeon Overview and Level Annotations

Branches:
Dungeon (2/15)

Altars:


Innate Abilities, Weirdness & Mutations

You are resistant to damage.
You can heal yourself by infusing magical energy.
You passively map a small area around you.
You do not regenerate.


Message History

The gnoll writhes in agony.
You now have 4/8 mp.
Aim: a gnoll, wielding a +0 halberd (lightly wounded, chance to defeat MR: 85%)
The gnoll writhes in agony.
You now have 3/8 mp.
Aim: a gnoll, wielding a +0 halberd (moderately wounded, chance to defeat MR: 85%)
The gnoll writhes in agony!
The gnoll misses you.
You now have 2/8 mp.
Aim: a gnoll, wielding a +0 halberd (severely wounded, chance to defeat MR: 85%)
The gnoll writhes in agony.
You kill the gnoll!
You now have 1/8 mp.
You see here a hand axe.
n - a hand axe
o - a scroll of identify A rat comes into view.
Aim: a rat (chance to defeat MR: 90%)
The rat writhes in agony.
You kill the rat!
You now have 6/8 mp.
You now have 83 gold pieces (gained 11).
MP restored: 8 A rat comes into view.
You hit the rat. You hit the rat.
You kill the rat!
Memorise Vampiric Draining, consuming 3 spell levels and leaving 5?
You start memorising the spell.
You continue memorising. x3
You finish memorising.
Spell assigned to 'x'.
Found an escape hatch in the ceiling.
You see here a cloak.
You are feeling very hungry.
p - a scroll labeled BOUWOI HISHRAC You see here a cloak.
A goblin comes into view.
The goblin shouts!
A rat comes into view.
Found an escape hatch in the floor.
Aim: a rat (chance to defeat MR: 90%)
The rat writhes in agony.
You kill the rat!
You now have 7/8 mp.
Aim: a goblin (chance to defeat MR: 90%)
The goblin writhes in agony!
You kill the goblin!
You now have 6/8 mp.
MP restored: 8 A gnoll comes into view. It is wielding a +0 spear.
A gnoll comes into view. It is wielding a +0 flail.
The gnoll shouts!
Aim: a gnoll, wielding a +0 spear (chance to defeat MR: 85%)
The gnoll barely resists.
The gnoll shouts! x2
You now have 7/8 mp.
Aim: a gnoll, wielding a +0 spear (chance to defeat MR: 85%)
The gnoll writhes in agony.
You now have 6/8 mp.
Aim: a gnoll, wielding a +0 spear (heavily wounded, chance to defeat MR: 85%)
The gnoll writhes in agony!
You kill the gnoll!
You now have 5/8 mp.
Aim: a gnoll, wielding a +0 flail (chance to defeat MR: 85%)
The gnoll writhes in agony.
You now have 4/8 mp.
Aim: a gnoll, wielding a +0 flail (moderately wounded, chance to defeat MR: 85%)
The gnoll writhes in agony.
The gnoll closely misses you.
You now have 3/8 mp.
Aim: a gnoll, wielding a +0 flail (severely wounded, chance to defeat MR: 85%)
The gnoll barely resists.
The gnoll hits you from afar with a +0 halberd!
* * * LOW HITPOINT WARNING * * *
You take 5 damage, and have 3/36 hp.
You now have 2/8 mp.
Okay, then.
Your magical essence is drained by the effort!
You feel much better. The gnoll hits you with a +0 flail!
The gnoll hits you from afar with a +0 halberd!
You regained 16 hp, and now have 19/36 hp.
Aim: a gnoll, wielding a +0 flail (severely wounded, chance to defeat MR: 85%)
The gnoll writhes in agony.
The gnoll hits you with a +0 flail. The gnoll closely misses you.
You take 1 damage, and have 18/36 hp.
You now have 2/7 mp.
Aim: a gnoll, wielding a +0 flail (almost dead, chance to defeat MR: 85%)
The gnoll barely resists.
The gnoll hits you with a +0 flail!
* * * LOW HITPOINT WARNING * * *
The gnoll barely misses you.
You take 8 damage, and have 10/36 hp.
MASSIVE DAMAGE!!
You now have 1/7 mp.
Aim: a gnoll, wielding a +0 flail (almost dead, chance to defeat MR: 85%)
The gnoll writhes in agony!
You kill the gnoll!
You now have 0/7 mp.
You don't have enough magic to cast that spell.
Unknown command.
You don't know that spell.
The gnoll barely misses you.
You barely miss the gnoll. The gnoll hits you with a +0 halberd!
* * * LOW HITPOINT WARNING * * *
You take 7 damage, and have 3/36 hp.
You hit the gnoll. You hit the gnoll. The gnoll hits you with a +0 halberd!
You die...

#....#####..,.>.............
##.#.....#.###.###.....#....
#.#..##.#........######....
#.#...#.#..................
#.....#....(...).## ##....
#####.####.......# #....
#...####.......# #....
#.##.....g.....# *#....
#.*#.##.@........., #....
#....##.)>......... #....
#######............ #....
#.....###.##.....##....
#.###.###..............
########.##....###########....
#...#.......##.# ###....
#.#.#.#.#####..# #....)..
#.#............# #.......


You could see a gnoll.

Vanquished Creatures
  4 adders (D:2)
  5 gnolls (D:2)
  3 dart slugs (D:2)
  2 leopard geckos (D:1)
  A ball python (D:1)
  3 giant cockroaches (D:1)
  2 hobgoblins (D:2)
  3 jackals (D:2)
  3 bats
  A frilled lizard (D:2)
  2 goblins
  6 kobolds
  3 rats (D:2)
38 creatures vanquished.

Notes
Turn   | Place    | Note
-------+----------+-------------------------------------------
     0 | D:1      | Irenicus the Deep Dwarf Necromancer began the quest for the
                  | Orb.
     0 | D:1      | Reached XP level 1. HP: 15/15 MP: 3/3
   145 | D:1      | Reached skill level 2 in Spellcasting
   366 | D:1      | Reached XP level 2. HP: 22/22 MP: 1/5
   696 | D:2      | Reached skill level 5 in Necromancy
   696 | D:2      | Reached XP level 3. HP: 21/28 MP: 0/6
   858 | D:2      | Reached XP level 4. HP: 12/36 MP: 1/8
   941 | D:2      | HP: 8/36 [gnoll/+0 spear (4)]
   942 | D:2      | Reached skill level 3 in Spellcasting
  1048 | D:2      | Learned a level 3 spell: Vampiric Draining
  1143 | D:2      | HP: 3/36 [gnoll/+0 halberd (5)]
  1151 | D:2      | HP: 3/36 [gnoll/+0 halberd (7)]
  1153 | D:2      | Mangled by a gnoll

Skill      XL: |  1  2  3  4 |
---------------+-------------+-----
Spellcasting   | 2 3 |  3.1
Necromancy     | 5 |  5.9
Dodging        | |  2.1
Stealth        | |  2.4

Action                   |  1- 3 |  4- 6 || total
-------------------------+-------+-------++-------
Melee: Dagger            |    48 |     6 ||    54
 Cast: Pain              |    39 |    21 ||    60
 Abil: Heal Wounds       |       |     1 ||     1
  Use: Scroll            |     3 |       ||     3
 Stab: Sleeping          |     3 |     1 ||     4
Armor: Robe              |    15 |     1 ||    16
Dodge: Dodged            |    59 |     6 ||    65

Levels and vault maps discovered:
D:1:      dpeg_cavernosity, layout_basic, st_stairs_12
D:2:      layout_basic

Table legend:
 A = Turns spent in this place as a percentage of turns spent in the entire game.
 B = Non-inter-level travel turns spent in this place as a percentage of non-inter-level travel turns spent in the entire game.
 C = Inter-level travel turns spent in this place as a percentage of turns spent in this place.
 D = Turns resting spent in this place as a percentage of non-inter-level travel turns spent in this place.
 E = Turns spent auto-exploring this place as a percentage of non-inter-level travel turns spent in this place.
 F = Non-inter-level travel turns spent in this place divided by the number of levels of this place that you've seen.
                   A       B       C       D       E      F
               +-------+-------+-------+-------+-------+----------------------
         Total | 100.0 | 100.0 |   0.0 |   0.0 |   0.0 | 576.5
       Dungeon | 100.0 | 100.0 |   0.0 |   0.0 |   0.0 | 576.5
               +-------+-------+-------+-------+-------+----------------------

Table legend:
 A = Kills in this place as a percentage of kills in entire the game.
 B = Kills by you in this place as a percentage of kills by you in the entire game.
 C = Kills by friends in this place as a percentage of kills by friends in the entire game.
 D = Other kills in this place as a percentage of other kills in the entire game.
 E = Experience gained in this place as a percentage of experience gained in the entire game.
 F = Experience gained in this place divided by the number of levels of this place that you have seen.
                   A       B       C       D       E      F
               +-------+-------+-------+-------+-------+----------------------
         Total | 100.0 | 100.0 |   N/A |   N/A | 100.0 |  89.5
       Dungeon | 100.0 | 100.0 |   N/A |   N/A | 100.0 |  89.5
               +-------+-------+-------+-------+-------+----------------------
